 Dungeon Crawl Stone Soup version 0.30.2 (webtiles) character file.

Game seed: 12542922953602826919

931 porpoise the Shooter (level 7, -6/50 HPs)
             Began as a Demonspawn Hunter on Feb 1, 2024.
             Was a Follower of Hepliaklqana.
             Mangled by an ogre
             ... wielding a +0 giant spiked club
              (24 damage)
             ... on level 5 of the Dungeon.
             The game lasted 00:09:40 (3651 turns).

porpoise the Shooter (Demonspawn Hunter)            Turns: 3651, Time: 00:09:40

Health: -6/50      AC:  5    Str: 11    XL:     7   Next: 86%
Magic:  7/7        EV: 15    Int: 13    God:    Hepliaklqana [*.....]
Gold:   244        SH:  0    Dex: 22    Spells: 6/6 levels left

rFire   . . .        a - +1 shortbow
rCold   . . .        (shield currently unavailable)
rNeg    . . .        C - +2 robe of Urphutwuwn {+Inv}
rPois   .            q - +0 helmet
rElec   .            (no cloak)
rCorr   +            (no gloves)
SInv    .            (no boots)
Will    .....        (no amulet)
Stlth   ++           i - +6 ring of dexterity
HPRegen 0.28/turn    t - ring of resist corrosion
MPRegen 0.10/turn

%: no passive effects
@: no status effects
A: reduced essence, repulsion field 2, spiny 2, weakness stinger 1
a: Renounce Religion, Evoke Invisibility, Recall Ancestor, Ancestor Identity


You were on level 5 of the Dungeon.
You worshipped Hepliaklqana.
Hepliaklqana was aware of your devotion.
You visited 1 branch of the dungeon, and saw 5 of its levels.

You collected 244 gold pieces.

Inventory:

Hand Weapons
 a - a +1 shortbow (weapon)
 b - a +0 dagger of venom
 w - a +0 whip of electrocution
 y - a +0 vampiric trident
Missiles
 D - a throwing net
Armour
 c - a +0 leather armour
 q - a +0 helmet (worn)
 C - the +2 robe of Urphutwuwn (worn) {+Inv}
   (You found it on level 4 of the Dungeon)

   +Inv:      It lets you turn invisible.
Jewellery
 i - a +6 ring of dexterity (left hand)
 n - a ring of protection from cold
 t - a ring of resist corrosion (right hand)
 G - a +6 ring of dexterity
Wands
 x - a wand of flame (32)
 B - a wand of polymorph (7)
 F - a wand of charming (4)
Scrolls
 e - 2 scrolls of vulnerability
 f - 2 scrolls of enchant weapon
 j - a scroll of immolation
 k - 2 scrolls of magic mapping {unknown}
 l - a scroll of teleportation {unknown}
 m - 2 scrolls of blinking {unknown}
 o - a scroll of amnesia {unknown}
 p - a scroll of noise {unknown}
 u - a scroll of acquirement {unknown}
Potions
 d - a potion of lignification
 g - a potion of resistance
 h - 2 potions of brilliance
 r - a potion of degeneration {unknown}
 s - a potion of cancellation
 v - a potion of magic
 z - a potion of haste {unknown}
 A - 3 potions of might
 E - a potion of mutation {unknown}
 H - a potion of berserk rage


   Skills:
 + Level 5.4 Fighting
 * Level 7.7 Ranged Weapons
 - Level 1.7 Dodging
 - Level 0.8 Stealth


You had 6 spell levels left.
You didn't know any spells.
Your spell library contained the following spells:

 Spells                   Type           Power      Damage    Failure   Level
 Ensorcelled Hibernation  Hex/Ice        0%         N/A       43%         2
 Poisonous Vapours        Pois/Air       0%         N/A       43%         2
 Mephitic Cloud           Conj/Pois/Air  0%         N/A       67%         3
 Spider Form              Tmut/Pois      0%         N/A       67%         3
 Anguish                  Hex/Necr       0%         N/A       97%         4
 Freezing Cloud           Conj/Ice/Air   0%         6-21      100%        5


Dungeon Overview and Level Annotations

Branches:
Dungeon (5/15)             Temple (0/1) D:5

Altars:
Hepliaklqana
Yredelemnul

Annotations:
D:4 dig


Innate Abilities, Weirdness & Mutations

Your life essence is reduced to manifest your ancestor. (-10% HP)
You are surrounded by a moderate repulsion field. (EV +3)
You are mostly covered in sharp spines.
You have a small tail.


Message History

Press: ? - help, Q - select action, (/) - cycle Shift-Dir - straight line, f/p - acid dragon
Aim: an acid dragon (heavily wounded, catching its breath, ally target, 69% to hit)
You shoot an arrow. The arrow hits the acid dragon!
You kill the acid dragon!
Nikki hits the ogre!
Fire: a) +1 shortbow
Press: ? - help, Q - select action, (/) - cycle Shift-Dir - straight line, f - hound
Aim: a hound (61% to hit)
You shoot an arrow. The arrow hits the hound!
The hound is severely wounded.
The hound bites Nikki.
The ogre hits Nikki with a +0 giant spiked club!!!
Nikki is destroyed!
Fire: a) +1 shortbow
Press: ? - help, Q - select action, (/) - cycle Shift-Dir - straight line, f/p - hound
Aim: a hound (severely wounded, 61% to hit)
You shoot an arrow. The arrow closely misses the hound.
The arrow hits the ogre.
The ogre is heavily wounded.
A sleepcap comes into view.
Fire: a) +1 shortbow
Press: ? - help, Q - select action, (/) - cycle Shift-Dir - straight line, f/p - hound
Aim: a hound (severely wounded, 61% to hit)
You shoot an arrow. The arrow misses the hound.
The arrow hits the adder!
You kill the adder!
The hound is struck by your spines.
You kill the hound!
Fire: a) +1 shortbow
Press: ? - help, Q - select action, (/) - cycle Shift-Dir - straight line, f - ogre
Aim: an ogre, wielding a +0 giant spiked club (heavily wounded, 80% to hit)
You shoot an arrow. The arrow hits the ogre.
The ogre is severely wounded.
The ogre closely misses you.
Fire: a) +1 shortbow
Press: ? - help, Q - select action, (/) - cycle Shift-Dir - straight line, f/p - ogre
Aim: an ogre, wielding a +0 giant spiked club (severely wounded, 80% to hit)
You shoot an arrow. The arrow barely misses the ogre.
The ogre is struck by your spines.
The ogre hits you with a +0 giant spiked club!!
You die...

........##)..#........#######.###
.#.#.###.....#........# #.#
.#†#.........#........# #.#
.#.#####..>..#........# ####.###
.#.. ....P...#........# #.......
.### ###.....#........# #.......
.# ###............# #.......
.##### ####.........# #.......
.....# ##..@..#### #.......
.....# ##.O..# #....... .....#
#......# #....... .....#
.....#..# ####.### .....#
#.f...##.# .....# .#.#### ...
.....# .##. .. .....# #. ..


You could see an ogre and a sleepcap.

Vanquished Creatures
  An acid dragon (D:5)
  2 black bears (D:5)
  2 phantoms
  A hound (D:5)
  2 orc priests
  A gnoll bouda (D:5)
  2 iguanas (D:4)
  2 orc wizards
  10 adders
  A shadow imp (D:5)
  A white imp (D:5)
  An ufetubus (D:5)
  A worm (D:3)
  4 dart slugs
  4 orcs
  10 ball pythons
  5 endoplasms
  4 giant cockroaches
  3 goblins
  4 hobgoblins
  6 jackals (D:1)
  7 kobolds
  2 quokkas
  7 bats
  2 frilled lizards
  6 rats
91 creatures vanquished.

Vanquished Creatures (collateral kills)
  An orc priest (D:5)
  An orc wizard (D:4)
  An adder (D:4)
  2 orcs (D:4)
  A quokka (D:5)
6 creatures vanquished.

Vanquished Creatures (others)
  An ancestor (D:5)
1 creature vanquished.

Grand Total: 98 creatures vanquished

Notes
Turn   | Place    | Note
-------+----------+-------------------------------------------
     0 | D:1      | porpoise the Demonspawn Hunter began the quest for the Orb.
     0 | D:1      | Reached XP level 1. HP: 16/16 MP: 1/1
   100 | D:1      | Gained mutation: You are surrounded by a mild repulsion
                  | field. (EV +2) [demonic ancestry]
   100 | D:1      | Reached XP level 2. HP: 20/22 MP: 2/2
   215 | D:1      | Found a faded altar of an unknown god.
   221 | D:1      | Reached skill level 4 in Ranged Weapons
  1078 | D:2      | Gained mutation: You are surrounded by a moderate repulsion
                  | field. (EV +3) [demonic ancestry]
  1078 | D:2      | Reached XP level 3. HP: 28/28 MP: 3/3
  1438 | D:3      | Found a hazy altar of Hepliaklqana.
  1459 | D:3      | Became a worshipper of Hepliaklqana the Forgotten
  1695 | D:3      | Reached XP level 4. HP: 34/34 MP: 4/4
  2191 | D:4      | Reached * piety under Hepliaklqana
  2259 | D:4      | Reached skill level 5 in Ranged Weapons
  2376 | D:4      | Gained mutation: You have a small tail. [demonic ancestry]
  2376 | D:4      | Reached XP level 5. HP: 35/36 MP: 5/5
  2549 | D:4      | Identified the +2 robe of Urphutwuwn {+Inv}
  2601 | D:4      | Noticed a phantom
  2606 | D:4      | Killed a phantom
  2733 | D:4      | Gained mutation: You are partially covered in sharp spines.
                  | [demonic ancestry]
  2733 | D:4      | Reached XP level 6. HP: 43/43 MP: 6/6
  2819 | D:4      | Reached skill level 6 in Ranged Weapons
  3188 | D:5      | Entered Level 5 of the Dungeon
  3212 | D:5      | Found a basalt altar of Yredelemnul.
  3447 | D:5      | Gained mutation: You are mostly covered in sharp spines.
                  | [demonic ancestry]
  3447 | D:5      | Reached XP level 7. HP: 49/49 MP: 7/7
  3491 | D:5      | Reached skill level 7 in Ranged Weapons
  3608 | D:5      | Found a staircase to the Ecumenical Temple.
  3611 | D:5      | Reached skill level 5 in Fighting
  3651 | D:5      | Mangled by an ogre

Illustrated notes

Levels and vault maps discovered:
D:1:      kennysheep_arrival_forest, layout_loops_ring,
          chequers_ecumenical_altar_simple
D:2:      layout_rooms, minivault_23
D:3:      layout_basic, nicolae_hepliaklqana_hazy_memory
D:4:      layout_gridville, serial_glass, glass_columns_a, glass_columns_a,
          due_unseen_surprise, item_on_display_a, serial_bayou_lagoon_a,
          minmay_snake_closets
D:5:      layout_basic, yredelemnul_altar_generic,
          minmay_temple_entry_overgrown, serial_shops,
          nicolae_shop_real_fake_doors, minmay_manual_mess

Skill      XL: |  1  2  3  4  5  6  7 |
---------------+----------------------+-----
Ranged Weapons | 4 5 6 7 |  7.7
Fighting       | 3 4 5 |  5.4
Dodging        | |  1.7
Stealth        | |  0.8

Action                     |  1- 3 |  4- 6 |  7- 9 || total
---------------------------+-------+-------+-------++-------
   Fire: Shortbow          |   103 |   125 |    27 ||   255
 Invoke: Ancestor Identity |       |     1 |       ||     1
    Use: Scroll            |     7 |     1 |     1 ||     9
 Armour: Leather armour    |    14 |    11 |       ||    25
         Robe              |       |     1 |       ||     1
  Dodge: Dodged            |    29 |    25 |     2 ||    56
